 Dungeon Crawl Stone Soup version 0.24.0-10-g970556be89 (webtiles) character file.

Game seed: 14017673114398149788, levelgen mode: deterministic

51 Descartes the Ducker (level 3, -7/18 HPs)
             Began as a Felid Monk on Nov 3, 2019.
             Mangled by zhorgal's ghost (11 damage)
             ... on level 3 of the Dungeon.
             The game lasted 00:05:57 (3115 turns).

Descartes the Ducker (Felid Monk)                   Turns: 3115, Time: 00:05:58

Health: -7/18      AC:  1    Str:  8    XL:     3   Next: 58%
Magic:  4/4        EV: 20    Int: 11    God:
Gold:   195        SH:  0    Dex: 18    Spells: 2/2 levels left
                                        Lives:  0   Deaths: 1

rFire    . . .     SeeInvis +     - Unarmed
rCold    . . .     Gourm    .   (shield unavailable)
rNeg     . . .     Faith    .   (armour unavailable)
rPois    .         Spirit   .   (helmet unavailable)
rElec    .         Reflect  .   (cloak unavailable)
rCorr    +         Harm     .   (gloves unavailable)
MR       .....                  (boots unavailable)
Stlth    +++.......             (no amulet)
HPRegen  0.06/turn              j - ring of resist corrosion
MPRegen  0.09/turn              (no ring)

@: quick
A: very small, no armour, no weapons or thrown items, stealth, claws 1, fangs 3,
see invisible, carnivore, speed 1, shaggy fur 1, slow metabolism 1, sharp paws
a: no special abilities


You were on level 3 of the Dungeon.
You were completely stuffed.

You visited 1 branch of the dungeon, and saw 3 of its levels.

You collected 195 gold pieces.

Inventory:

Missiles
 d - 78 stones
 o - 26 arrows
Jewellery
 j - a ring of resist corrosion (left paw)
Scrolls
 f - 3 scrolls of teleportation {unknown}
 g - a scroll of blinking {unknown}
 l - a scroll of random uselessness {unknown}
 m - a scroll of fear {unknown}
 p - a scroll of enchant weapon {unknown}
 q - a scroll of immolation {unknown}
 r - a scroll of amnesia {unknown}
Potions
 b - a potion of mutation {unknown}
 c - 3 potions of lignification
 e - a potion of heal wounds {unknown}
 h - a potion of invisibility {unknown}
 i - 3 potions of curing
 n - a potion of berserk rage
Comestibles
 a - 6 rations
 k - a chunk of flesh


   Skills:
 + Level 3.7 Fighting
 + Level 4.9 Dodging
 + Level 4.1 Stealth
 + Level 3.8 Unarmed Combat


You had 2 spell levels left.
You didn't know any spells.
Your spell library contained the following spells:

 Spells                   Type           Power        Failure   Level  Hunger
 Animate Skeleton         Necr           N/A          34%         1    ##.....
 Apportation              Tloc           #.....       34%         1    ##.....
 Confusing Touch          Hex            #.....       34%         1    ##.....
 Summon Small Mammal      Summ           #...         34%         1    ##.....


Dungeon Overview and Level Annotations

Branches:
Dungeon (3/15)

Altars:
Kikubaaqudgha
Makhleb

Annotations:
D:3 zhorgal's ghost, amateur CeAM


Innate Abilities, Weirdness & Mutations

You cannot wear armour.
You are incapable of wielding weapons or throwing items.
Your paws allow you to move quietly. (Stealth)
You have sharp claws.
You have razor-sharp teeth.
You have supernaturally acute eyesight. (SInv)
You are carnivorous and can eat meat at any time.
You cover ground quickly.
You are covered in fur. (AC +1)
You have a slow metabolism.
Your sharp claws are effective at attacking unaware monsters.


Message History

Zhorgal's ghost misses you.
You scratch zhorgal's ghost. You bite zhorgal's ghost.
Zhorgal's ghost is almost destroyed.
Zhorgal's ghost barely misses you.
You scratch zhorgal's ghost but do no damage.
You bite zhorgal's ghost, but do no damage.
Zhorgal's ghost is almost destroyed.
You scratch zhorgal's ghost but do no damage.
Zhorgal's ghost is almost destroyed.
Zhorgal's ghost closely misses you.
You scratch zhorgal's ghost but do no damage.
You bite zhorgal's ghost, but do no damage.
Zhorgal's ghost is almost destroyed.
Zhorgal's ghost hits you.
* * * LOW HITPOINT WARNING * * *
You scratch zhorgal's ghost but do no damage.
Zhorgal's ghost is almost destroyed.
Zhorgal's ghost hits you!
Ouch! That really hurt!
You die...

*######******
##....<.,,,,,*
#####.......****,****
####....>).....*,,,,,,,*
#......^......,,,**,**,*
#...........,,,****,**,*
#........####..##**,**,*
#...÷....@W......,,,**,*
#.......#########*****,*
#..÷....# ***,* #.......#
******* **,,,*
#.##.##.##*,,,,,***,,,**
#.##..#..#*,,,,,**,*,*,**
#.#......#*,,.,,*,**,**,**
#...#÷#..##,..,,,***,,,,,*
##..##.##..#...,,*,*****,**


You could see zhorgal's ghost.

Vanquished Creatures
  A hound (D:2)
  An adder (D:2)
  A dart slug (D:2)
  4 leopard geckos
  An orc (D:3)
  3 giant cockroaches
  8 goblins
  5 hobgoblins
  4 jackals (D:2)
  2 quokkas (D:3)
  2 ball pythons
  9 bats
  3 frilled lizards (D:1)
  8 kobolds
  11 rats
63 creatures vanquished.

Notes
Turn   | Place    | Note
-------+----------+-------------------------------------------
     0 | D:1      | Descartes the Felid Monk began the quest for the Orb.
     0 | D:1      | Reached XP level 1. HP: 10/10 MP: 2/2
   150 | D:1      | Reached XP level 2. HP: 8/14 MP: 3/3
  1330 | D:2      | Reached XP level 3. HP: 17/17 MP: 4/4
  1994 | D:2      | Reached XP level 4. HP: 14/21 MP: 5/5
  2193 | D:2      | Found a burning altar of Makhleb.
  2501 | D:3      | Noticed zhorgal's ghost (amateur CeAM)
  2518 | D:3      | Found a runed translucent door.
  2817 | D:3      | Found an ancient bone altar of Kikubaaqudgha.
  3030 | D:3      | HP: 1/22 [zhorgal's ghost (10)]
  3031 | D:3      | Mangled by zhorgal's ghost
  3032 | D:3      | Reached XP level 3. HP: -10/18 MP: 4/4
  3115 | D:3      | Mangled by zhorgal's ghost

Levels and vault maps discovered:
D:1:      minmay_arrival_solitary_statue, layout_loops_ring,
          minmay_small_reverse_x
D:2:      layout_basic, makhleb_heckhound_becter
D:3:      layout_loops_cross, kiku_gazebo_pond_becter,
          hellmonk_ghost_happy_afterlife

Skill      XL: |  1  2  3  4 |
---------------+-------------+-----
Stealth        | 3 4 |  4.1
Fighting       | |  3.7
Dodging        | |  4.9
Unarmed Combat | |  3.8

Action                   |  1- 3 |  4- 6 || total
-------------------------+-------+-------++-------
Melee: Unarmed           |   105 |    43 ||   148
       Bite              |    15 |     2 ||    17
  Use: Scroll            |       |     3 ||     3
       Potion            |       |     1 ||     1
 Stab: Sleeping          |    14 |     7 ||    21
       Distracted        |       |     1 ||     1
  Eat: Chunk             |    15 |     2 ||    17
Armor: Skin              |     3 |     2 ||     5
Dodge: Dodged            |    69 |    33 ||   102
